 Dungeon Crawl Stone Soup version 0.31-a0-667-g39726597b9 (webtiles) character file.

Game seed: 414244286942727205

13423 Fodor the Protected (level 11, 0/97 HPs)
             Began as a Minotaur Fighter on Sept 2, 2023.
             Was an Initiate of Gozag.
             Slain by Azrael
             ... wielding a +4 scimitar of flaming
              (2 damage)
             ... on level 2 of the Orcish Mines on Sept 3, 2023.
             The game lasted 01:12:37 (12527 turns).

Fodor the Protected (Minotaur Fighter)             Turns: 12527, Time: 01:12:39

Health: 0/97       AC: 22    Str: 22    XL:     11   Next: 75%
Magic:  10/10      EV:  9    Int:  5    God:    Gozag
Gold:   530        SH: 11    Dex: 13    Spells: 10/10 levels left

rFire   + . .        C - +4 flail (heavy)
rCold   . . .        i - +5 buckler of Tomorrow {+Blink}
rNeg    + . .        l - +1 plate armour {rN+}
rPois   .            (helmet restricted)
rElec   .            D - +1 cloak {Stlth+}
rCorr   .            m - +0 pair of gloves
SInv    +            n - +0 pair of boots
Will    .....        (no amulet) Stlth
                     e - ring of protection from fire
HPRegen 0.36/turn    h - ring of see invisible
MPRegen 0.12/turn

%: no passive effects
@: about to teleport, studying Dodging
A: horns 2, retaliatory headbutt
a: Renounce Religion, Evoke Blink, Potion Petition, Call Merchant, Bribe Branch


You were on level 2 of the Orcish Mines.
You worshipped Gozag.
Gozag was pleased with you.
You visited 2 branches of the dungeon, and saw 14 of its levels.
You also visited: Sewer.

You collected 2824 gold pieces.
You spent 1543 gold pieces at shops.
You paid 751 gold pieces to Gozag.

Inventory:

Hand Weapons
 c - a +2 morningstar of flaming
 C - a +4 heavy flail (weapon)
 H - a +0 arbalest
Missiles
 v - 7 boomerangs
 A - 16 poisoned darts (quivered)
 B - a curare-tipped dart
Armour
 i - the +5 buckler of Tomorrow (worn) {+Blink}
   (You found it on level 7 of the Dungeon)

   +Blink:    It lets you blink.
 l - a +1 plate armour of positive energy (worn)
 m - a +0 pair of gloves (worn)
 n - a +0 pair of boots (worn)
 D - a +1 cloak of stealth (worn)
Jewellery
 e - a ring of protection from fire (left hand)
 h - a ring of see invisible (right hand)
 w - a +6 ring of intelligence
Wands
 t - a wand of charming (5)
 x - a wand of polymorph (9)
Scrolls
 a - 10 scrolls of teleportation
 b - a scroll of blinking
 f - a scroll of vulnerability {unknown}
 j - 7 scrolls of revelation
 s - 3 scrolls of fog
 y - a scroll of fear
Potions
 d - 4 potions of might
 g - 3 potions of attraction
 k - a potion of heal wounds
 o - a potion of haste
 p - a potion of degeneration {unknown}
 q - a potion of brilliance {unknown}
 r - 6 potions of mutation
 u - a potion of lignification
 z - a potion of berserk rage {unknown}
 F - a potion of cancellation {unknown}
 G - a potion of enlightenment {unknown}
 I - a potion of magic {unknown}


   Skills:
 + Level 9.5 Fighting
 + Level 4.7 Long Blades
 + Level 11.9 Maces & Flails
 + Level 1.3 Throwing
 + Level 12.3 Armour
 + Level 5.4 Dodging
 + Level 3.1 Stealth
 + Level 10.3 Shields
 + Level 1.7 Evocations


You had 10 spell levels left.
You didn't know any spells.
Your spell library was empty.

Dungeon Overview and Level Annotations

Branches:
Dungeon (12/15)            Temple (0/1) D:5            Lair (0/5) D:10
    Orc (2/2) D:10            Elf (0/3) Orc:2         Sewer (visited)

Altars:
Cheibriados
Dithmenos
Gozag
Uskayaw
Vehumet
Xom
Zin
The Shining One

Shops:
D:1 (*[:   Orc:2 [

Annotations:
Orc:2 Azrael


Innate Abilities, Weirdness & Mutations

You have a pair of horns on your head.
You reflexively headbutt those who attack you in melee.


Message History

The fire elemental is no longer distracted by gold.
The hell hound breathes flames at you.
The blast of flame hits the fire elemental.
The fire elemental completely resists.
The blast of flame hits you. You resist. The fire elemental hits you.
The fire elemental burns you! You resist.
You block the fire elemental's attack.
The hell hound is distracted by your dazzling golden aura.
Azrael is distracted by your dazzling golden aura.
The fire elemental hits you.
Items here: $ )) [[.
Azrael is no longer distracted by gold.
Azrael's eyes look fiery.
Azrael gestures at you. The bolt of fire misses you.
The hell hound barks!
The hell hound is no longer distracted by gold.
The hell hound breathes flames at you.
The blast of flame misses the fire elemental.
The blast of flame hits you. You resist.
Azrael hits you with a +4 scimitar of flaming!
* * * LOW HITPOINT WARNING * * *
Azrael burns you.
* * * LOW HITPOINT WARNING * * *
The hell hound breathes flames at you.
The blast of flame hits Azrael.
Azrael completely resists.
The blast of flame hits you. You resist.
* * * LOW HITPOINT WARNING * * *
The fire elemental hits you. The fire elemental burns you! You resist.
* * * LOW HITPOINT WARNING * * *
Things that are here:
7 gold pieces; a +0 club
As you read the scroll of teleportation, it crumbles to dust.
You feel strangely unstable. The fire elemental misses you.
The fire elemental hits you. The fire elemental burns you! You resist.
* * * LOW HITPOINT WARNING * * *
Azrael hits you with a +4 scimitar of flaming!
* * * LOW HITPOINT WARNING * * *
Azrael burns you.
You die...
Your body crumbles into a pile of gold.

............#..........#.....)<..
.........#.##..........##...))#.#
........######.##.......#....####
.......##..##.##..............#
...............#................
#................................
.................................
..........#.#..................##
....#...........@C............#.
#.........#....EER...............
.........#....#.☼ho......
......#○○....... ........°#......
........h....... ...........$....
...#............ .......#........


You could see Azrael, a cyclops, 2 fire elementals, an orc warrior and 2 hell
hounds.

Vanquished Creatures
  4 two-headed ogres
  A fire crab (Orc:1)
  A gargoyle (D:12)
  A komodo dragon (D:10)
  Grinder (D:3)
  Prince Ribbit (D:5)
  A shadow (D:10)
  9 yaks (D:9)
  A wyvern (D:9)
  A vampire (D:9)
  4 steam dragons
  Menkaure (D:5)
  An acid dragon (D:9)
  A water moccasin (D:8)
  11 orc warriors
  A sky beast (D:7)
  3 ice beasts
  2 black bears (D:5)
  3 ogres
  2 centaurs
  A phantom (D:5)
  5 kobold brigands
  3 bullfrogs
  A scorpion (D:5)
  2 gnoll sergeants
  10 wights
  2 howler monkeys (D:6)
  2 hounds (D:6)
  2 jellies (D:4)
  A gnoll bouda (D:7)
  12 orc priests
  3 iguanas
  9 orc wizards
  15 gnolls
  12 adders
  4 river rats
  An ufetubus (D:4)
  5 dart slugs
  47 orcs
  13 ball pythons
  10 bats
  3 endoplasms
  6 giant cockroaches
  15 goblins
  9 hobgoblins
  4 jackals (D:1)
  2 quokkas (D:1)
  10 frilled lizards
  19 kobolds
  10 rats
288 creatures vanquished.

Vanquished Creatures (collateral kills)
  An orc warlord (Orc:1)
  2 orc sorcerers (Orc:1)
  A troll (Orc:1)
  3 wargs (Orc:1)
  5 orc warriors (Orc:1)
  2 orc priests (Orc:1)
  2 orc wizards (Orc:1)
  19 orcs (Orc:1)
35 creatures vanquished.

Vanquished Creatures (others)
  2 orcs
2 creatures vanquished.

Grand Total: 325 creatures vanquished

Notes
Turn   | Place    | Note
-------+----------+-------------------------------------------
     0 | D:1      | Fodor the Minotaur Fighter began the quest for the Orb.
     0 | D:1      | Reached XP level 1. HP: 19/19 MP: 0/0
   350 | D:1      | Found Gumaeh's Weapon Shop.
   358 | D:1      | Reached XP level 2. HP: 22/27 MP: 1/1
   431 | D:1      | Reached skill level 4 in Armour
   500 | D:1      | Found Watholeics's Assorted Antiques.
   513 | D:1      | Bought a blue potion for 22 gold pieces
   737 | D:1      | Reached XP level 3. HP: 33/33 MP: 2/2
   806 | D:1      | Found Foap's Book Shop.
   937 | D:1      | Found Eweing's Antique Armour Emporium.
  1531 | D:2      | Reached XP level 4. HP: 36/41 MP: 3/3
  2303 | D:3      | Noticed an ogre
  2311 | D:3      | HP: 2/41 [ogre/+0 giant spiked club (25)]
  2312 | D:3      | Killed an ogre
  2313 | D:3      | Reached skill level 1 in Maces & Flails
  2313 | D:3      | Reached skill level 1 in Dodging
  2313 | D:3      | Reached XP level 5. HP: 2/47 MP: 4/4
  2627 | D:3      | Noticed Grinder
  2632 | D:3      | Paralysed by Grinder for 3 turns
  2639 | D:3      | Killed Grinder
  2640 | D:3      | Reached skill level 5 in Armour
  2640 | D:3      | Reached XP level 6. HP: 37/55 MP: 5/5
  3217 | D:4      | Reached skill level 5 in Fighting
  3535 | D:4      | Reached XP level 7. HP: 56/61 MP: 6/6
  3671 | D:4      | Reached skill level 6 in Armour
  3741 | D:4      | Found an opulent altar of Gozag.
  3830 | D:4      | Became a worshipper of Gozag Ym Sagoz the Greedy
  3962 | D:5      | Entered Level 5 of the Dungeon
  3978 | D:5      | Noticed Prince Ribbit
  4017 | D:5      | Killed Prince Ribbit
  4018 | D:5      | Reached skill level 5 in Shields
  4205 | D:5      | Noticed a steam dragon
  4216 | D:5      | Killed a steam dragon
  4217 | D:5      | Reached skill level 5 in Maces & Flails
  4217 | D:5      | Reached skill level 7 in Armour
  4217 | D:5      | Reached XP level 8. HP: 45/68 MP: 7/7
  4225 | D:5      | Reached skill level 1 in Stealth
  4459 | D:5      | Found a staircase to the Ecumenical Temple.
  4592 | D:5      | Noticed Menkaure
  4597 | D:5      | Killed Menkaure
  5072 | D:6      | Reached skill level 8 in Armour
  5084 | D:6      | Found a glowing drain.
  5115 | Sewer    | Entered a sewer
  5922 | D:1      | Bought a plate armour for 483 gold pieces
  6106 | D:6      | Reached XP level 9. HP: 48/75 MP: 8/8
  6415 | D:6      | Upgraded the game from 0.31-a0-664-g902f515a81 to
                  | 0.31-a0-667-g39726597b9
  6748 | D:7      | Identified the +5 buckler of Tomorrow {+Blink}
  7571 | D:7      | Found a snail-covered altar of Cheibriados.
  7575 | D:7      | Found a shimmering altar of Xom.
  7953 | D:8      | Reached skill level 9 in Armour
  8651 | D:8      | Identified the +5 ring mail of the Harvest {Rampage rF+ rC+
                  | SInv}
  8714 | D:8      | Found a hide-covered altar of Uskayaw.
  8723 | D:8      | Found a glowing golden altar of the Shining One.
  8880 | D:9      | Reached XP level 10. HP: 45/86 MP: 9/9
  9124 | D:9      | Noticed a two-headed ogre
  9132 | D:9      | Killed a two-headed ogre
  9133 | D:9      | Reached skill level 10 in Armour
  9133 | D:9      | Reached skill level 5 in Dodging
  9225 | D:9      | Reached skill level 10 in Maces & Flails
  9506 | D:9      | Found a glowing silver altar of Zin.
 10266 | D:10     | Entered Level 10 of the Dungeon
 10268 | D:10     | Found a staircase to the Orcish Mines.
 10289 | D:10     | Noticed a two-headed ogre
 10297 | D:10     | Killed a two-headed ogre
 10298 | D:10     | Found a radiant altar of Vehumet.
 10352 | D:10     | Found a shadowy altar of Dithmenos.
 10359 | D:10     | Noticed a two-headed ogre
 10379 | D:10     | Killed a two-headed ogre
 10380 | D:10     | Reached XP level 11. HP: 55/95 MP: 10/10
 10510 | D:10     | Found a staircase to the Lair.
 10539 | D:10     | You fall into a shaft and drop 2 floors!
 10557 | D:12     | Reached skill level 11 in Armour
 11327 | Orc:1    | Entered Level 1 of the Orcish Mines
 11327 | Orc:1    | Noticed an orc sorcerer
 11331 | Orc:1    | Paralysed by an orc sorcerer for 4 turns
 11338 | Orc:1    | Killed an orc sorcerer
 11339 | Orc:1    | Noticed an orc sorcerer
 11352 | Orc:1    | Noticed an orc warlord
 11353 | Orc:1    | Killed an orc sorcerer
 11354 | Orc:1    | Noticed an orc knight
 11362 | Orc:1    | an orc knight changed into a fire crab
 11362 | Orc:1    | Noticed a fire crab
 11386 | Orc:1    | Killed an orc warlord
 11387 | Orc:1    | Reached skill level 12 in Armour
 11387 | Orc:1    | Reached skill level 10 in Shields
 11387 | Orc:1    | Reached skill level 1 in Evocations
 11400 | Orc:1    | Killed a fire crab
 12223 | Orc:2    | Entered Level 2 of the Orcish Mines
 12292 | Orc:2    | Found a staircase to the Elven Halls.
 12320 | Orc:2    | Noticed a two-headed ogre
 12329 | Orc:2    | Killed a two-headed ogre
 12330 | Orc:2    | Reached skill level 1 in Throwing
 12428 | Orc:2    | Bought a shiny plate armour for 806 gold pieces
 12428 | Orc:2    | Bought a runed cloak for 232 gold pieces
 12513 | Orc:2    | Noticed Azrael
 12527 | Orc:2    | HP: 2/97 [Azrael/+4 scimitar of flaming (12)]
 12527 | Orc:2    | Slain by Azrael

Illustrated notes

Levels and vault maps discovered:
D:1:      dpeg_cavernosity, layout_basic, serial_shops,
          nicolae_shop_rolling_square, nicolae_shop_waterfront,
          nicolae_shop_hallway_plus, nicolae_shop_real_fake_doors,
          minmay_octomino_c4
D:2:      layout_basic, serial_bayou_pond_c, minmay_cupped
D:3:      layout_basic, minmay_fractal_squares_diagonal_5, uniq_grinder
D:4:      layout_cave_pools, mainiacjoe_overflow_paths, corexii_shack,
          dk_noncrumbling_2
D:5:      layout_loops_ring, minmay_temple_entry_water_ring,
          minmay_manual_monstrance, uniq_prince_ribbit1, uniq_menkaure
D:6:      layout_basic, portal_sewer_entry_c
D:7:      layout_basic, nicolae_overflow_hidden_temple, hex_medium
D:8:      layout_loops_ring, amethyst_overflow_temple_binary
D:9:      layout_gridville, mainiacjoe_overflow_boulevard, minmay_misc_feat_x,
          minmay_misc_feat_chi
D:10:     layout_loops_ring, mainiacjoe_overflow_catwalk, grunt_dithmenos_smoke,
          dpeg_oklobed_lair, orc_0_dummy
D:11:     layout_gridville, kennysheep_island_fort, uniq_nergalle
D:12:     layout_rooms
Orc:1:    layout_caves, nicolae_orc_sculptors_studio
Orc:2:    st_orc_mages, layout_caves, uniq_azrael

Skill      XL: |  1  2  3  4  5  6  7  8  9 10 11 |
---------------+----------------------------------+-----
Fighting       | 4 5 6 7 8 9 |  9.5
Armour         | 4 5 7 8 9 10 12 | 12.3
Shields        | 4 5 6 7 9 10 | 10.3
Long Blades    | 3 4 |  4.7
Maces & Flails | 1 2 3 5 7 9 11 | 11.9
Dodging        | 1 2 4 5 |  5.4
Stealth        | 1 2 3 |  3.1
Evocations     | 1 |  1.7
Throwing       | 1 |  1.3

Action                     |  1- 3 |  4- 6 |  7- 9 | 10-12 || total
---------------------------+-------+-------+-------+-------++-------
  Melee: Long sword        |    96 |     9 |       |       ||   105
         Headbutt          |    13 |    18 |    59 |    46 ||   136
         Flail             |       |    86 |   354 |   209 ||   649
         Morningstar       |       |       |    22 |       ||    22
   Fire: Arbalest          |       |       |       |     2 ||     2
  Throw: Dart              |       |       |       |    26 ||    26
 Invoke: Call Merchant     |       |       |       |     1 ||     1
  Evoke: Wand              |       |       |       |     8 ||     8
    Use: Scroll            |       |       |    14 |     8 ||    22
         Potion            |       |       |     3 |     3 ||     6
   Stab: Distracted        |       |       |     3 |     4 ||     7
 Armour: Scale mail        |    81 |    73 |   157 |       ||   311
         Plate armour      |       |       |   152 |   251 ||   403
         Skin              |       |       |       |     1 ||     1
  Dodge: Dodged            |    62 |    53 |   148 |    99 ||   362
  Block: Buckler           |    40 |    26 |   139 |   198 ||   403

Table legend: (Time is in decaauts)
 A = Elapsed time spent in this place.
 B = Non-inter-level travel time spent in this place.
 C = Inter-level travel time spent in this place.
 D = Time resting spent in this place.
 E = Time spent auto-exploring this place.
 F = Levels seen in this place.
 G = Mean time per level.
                   A        B        C        D        E       F      G
               +--------+--------+--------+--------+--------+-----+--------+
         Total |  12852 |  12323 |    529 |   2075 |      0 |  15 |  856.8 |
       Dungeon |  10921 |  10392 |    529 |   1834 |      0 |  12 |  910.1 |
  Orcish Mines |   1203 |   1203 |      0 |    241 |      0 |   2 |  601.5 |
         Sewer |    726 |    726 |      0 |      0 |      0 |   1 |  726.0 |
               +--------+--------+--------+--------+--------+-----+--------+

Top non-repeatable levels by time:
     D:9: 1531 daAuts
     D:3: 1393 daAuts
     D:7: 1314 daAuts
     D:1: 1282 daAuts
     D:5: 1154 daAuts
    D:10: 969 daAuts
     D:8: 914 daAuts
   Orc:1: 891 daAuts
     D:2: 817 daAuts
     D:4: 794 daAuts
   Sewer: 726 daAuts
     D:6: 642 daAuts
   Orc:2: 312 daAuts
    D:12: 69 daAuts
    D:11: 36 daAuts
